 Dungeon Sprint DCSS version 0.16.1-28-gcc2312f (webtiles) character file.

7539 Kidiri the Basher (level 10, -3/114 HPs)
             Began as a Troll Berserker on May 28, 2015.
             Was a High Priest of Trog.
             Slain by a deep elf knight
             ... wielding a +0 short sword
              (12 damage)
             ... in the Dungeon (Sprint VII: "The Pits").
             The game lasted 00:16:16 (1077 turns).

Kidiri the Basher (Troll Berserker)                 Turns: 1077, Time: 00:16:16

Health: -3/114     AC: 12    Str: 28    XL:     10   Next: 96%
Magic:  1/1        EV: 16    Int:  3    God:    Trog [*****.]
Gold:   0          SH:  0    Dex:  9    Spells: 0 memorised, 9 levels left

rFire  . . .     SeeInvis .     b - +6 giant spiked club (antimagic)
rCold  . . .     Clarity  .     B - +2 robe {rN+}
rNeg   + . .     SustAb   .     (shield restricted)
rPois  +         Gourm    +     (helmet restricted)
rElec  .         Spirit   .     s - +0 cloak {rPois}
rCorr  .         Warding  .     (gloves unavailable)
rMut   .         NoTele   +     (boots unavailable)
MR     .....                    (no amulet)
Stlth  +.........               u - +3 ring of evasion
                                t - +3 ring of protection

@: not resistant to hostile enchantments, very unstealthy
A: unfitting armour, claws 3, deterioration 1, fast metabolism 3, gourmand,
regeneration 2, shaggy fur 1, tough skin 2, weak 1
a: Burn Spellbooks, Berserk, Trog's Hand, Brothers in Arms, Renounce Religion


You were in the Dungeon.
You worshipped Trog.
Trog was extremely pleased with you.
You were not hungry.

You visited 1 branch

Inventory:

Hand weapons
 a - a +2 antimagic short sword
 b - a +6 antimagic giant spiked club (weapon)
 r - a +4 dire flail of draining
 A - a +3 antimagic morningstar
 D - a +3 dire flail of protection
Armour
 s - a +0 cloak of poison resistance (worn)
 B - a +2 robe of positive energy (worn)
Jewellery
 t - a +3 ring of protection (left claw)
 u - a +3 ring of evasion (right claw)
Scrolls
 i - 2 scrolls of blinking
 m - 3 scrolls of remove curse
 n - a scroll of summoning
Potions
 d - 7 potions of curing
 e - 7 potions of heal wounds
 f - a potion of haste
 g - 4 potions of magic
 h - 3 potions of berserk rage
 l - 2 potions of invisibility
 v - 3 potions of cure mutation
 w - a potion of brilliance
 x - a potion of might
Comestibles
 c - 9 meat rations
 j - 40 fruits
 k - 4 bread rations


   Skills:
 + Level 11.5 Fighting
 + Level 12.4 Maces & Flails
 + Level 11.4 Armour
 + Level 11.4 Dodging


You had 9 spell levels left.
You didn't know any spells.

Dungeon Overview and Level Annotations

Branches:
Dungeon (1/1)

Altars:
Ashenzari
Cheibriados
Dithmenos
Elyvilon
Fedhas
Gozag
Kikubaaqudgha
Makhleb
Nemelex Xobeh
Okawaru
Qazlal
Ru
Sif Muna
Trog
Vehumet
Xom
Yredelemnul
Zin
The Shining One
Beogh
Jiyva
Lugonu


Innate Abilities, Weirdness & Mutations

You are too large for most types of armour.
You have claws for hands.
Your metabolism is lightning-fast.
You like to eat raw meat.
You heal very quickly.
You are covered in fur (AC +1).
You have very tough skin (AC +2).
Your body is slowly deteriorating.
You are weak. (Str -2)


Message History

Your ogre hits the sheep with a giant spiked club!!!
The sheep dies!
Trog accepts your kill.
Your iron troll barely misses the deep elf priest.
Your iron troll misses the deep elf priest. x2
What do you say? t - Shout!
Orders for allies: a - Attack new target. r - Retreat! s - Stop attacking. w - Wait here. f - Follow me.
Anything else - Stay silent.
Gang up on whom?
Press: ? - help, Dir - move target cursor, f - deep elf priest
Aim: a deep elf priest, wielding a short sword (almost dead) Attack!
Something hits you but does no damage.
Your ogre hits the deep elf priest with a giant spiked club!!
The deep elf priest dies!
Trog accepts your kill. Something hits you!
You die...

..............###..# .
#.....))[......#..## #.#
###...#)######...##......
..#####(##...##'##.#.#.#.
....##...#...#...#.......
.....#...#...#..O#m......#
.....'...(...'..TY(Ye....+
)....#...#...#..{#)......#
....##...#...#(.@#YY...(.
..#####.##...##'##.#.#(#.
###...#'######..)##......
#..............#).## #.#
..............###..# .
############### ####


You could see a merfolk, a sheep, a friendly iron troll (berserk) and a friendly
ogre (berserk).

Vanquished Creatures
  A hydra (D)
  A sea snake (D)
  A polar bear (D)
  A wind drake (D)
  A boulder beetle (D)
  5 yaks (D)
  Edmund (D)
  A water moccasin (D)
  An orc warrior (D)
  A sky beast (D)
  Purgy (D)
  A crocodile (D)
  2 brain worms (D)
  A scorpion (D)
  An orc priest (D)
  An iguana (D)
  A giant mite (D)
  A worm (D)
  An ufetubus (D)
  A giant eyeball (D)
  An adder zombie (D)
  A giant gecko (D)
  An orc (D)
  A giant cockroach (D)
  2 quokkas (D)
  A giant newt (D)
  2 kobolds (D)
  A rat (D)
35 creatures vanquished.

Vanquished Creatures (collateral kills)
  A large abomination (D)
  Erica (D)
  A death knight (D)
  A deep elf knight (D)
  An orc knight (D)
  An orc sorcerer (D)
  A phantasmal warrior (D)
  A siren (D)
  A demonic crawler (D)
  A molten gargoyle (D)
  A blue devil (D)
  A red devil (D)
  A deep elf priest (D)
  A polar bear (D)
  A raven (D)
  A two-headed ogre (D)
  A bog body (D)
  A hungry ghost (D)
  2 deep elf magi (D)
  A shadow (D)
  3 vampire mosquitoes (D)
  A hippogriff (D)
  An ice beast (D)
  A porcupine (D)
  A necrophage (D)
  4 orc warriors (D)
  A centaur (D)
  Crazy Yiuf (D)
  An orc wizard (D)
  A worker ant (D)
  5 sheep (D)
  An adder (D)
  2 orcs (D)
  A crawling corpse (D)
45 creatures vanquished.

Vanquished Creatures (others)
  2 deep trolls (D)
  A troll (D)
  2 ogres (D)
  An adder (D)
6 creatures vanquished.

Grand Total: 86 creatures vanquished

Notes
Turn   | Place    | Note
--------------------------------------------------------------
     0 | D        | Kidiri, the Troll Berserker, began the quest for the Orb.
     0 | D        | Reached XP level 1. HP: 22/22 MP: 1/1
    15 | D        | Reached skill level 3 in Maces & Flails
    50 | D        | Found a sacrificial altar of Ru.
    50 | D        | Found a basalt altar of Yredelemnul.
    50 | D        | Found a shadowy altar of Dithmenos.
    50 | D        | Found a deep blue altar of Sif Muna.
    50 | D        | Found a burning altar of Makhleb.
    50 | D        | Found a shimmering altar of Xom.
    50 | D        | Found an ancient bone altar of Kikubaaqudgha.
    50 | D        | Found a sparkling altar of Nemelex Xobeh.
    51 | D        | Found a glowing golden altar of the Shining One.
    51 | D        | Found a bloodstained altar of Trog.
    51 | D        | Found a shattered altar of Ashenzari.
    51 | D        | Found a white marble altar of Elyvilon.
    51 | D        | Found a snail-covered altar of Cheibriados.
    51 | D        | Found a blossoming altar of Fedhas.
    51 | D        | Found a radiant altar of Vehumet.
    51 | D        | Found a glowing silver altar of Zin.
    51 | D        | Found a corrupted altar of Lugonu.
    51 | D        | Found a viscous altar of Jiyva.
    51 | D        | Found a roughly hewn altar of Beogh.
    51 | D        | Found an iron altar of Okawaru.
    59 | D        | Found a stormy altar of Qazlal.
    60 | D        | Found an opulent altar of Gozag.
    82 | D        | Acquired Trog's second power
    82 | D        | Reached XP level 2. HP: 15/29 MP: 1/1
   128 | D        | Noticed a brain worm
   154 | D        | Noticed an iguana
   169 | D        | Killed a brain worm
   169 | D        | Reached skill level 4 in Fighting
   169 | D        | Reached XP level 3. HP: 14/39 MP: 2/2
   169 | D        | Reached XP level 4. HP: 17/48 MP: 2/2
   172 | D        | Killed an iguana
   172 | D        | Reached skill level 5 in Maces & Flails
   188 | D        | Acquired Trog's third power
   295 | D        | Noticed a scorpion
   309 | D        | Killed a scorpion
   309 | D        | Reached skill level 5 in Fighting
   309 | D        | Reached XP level 5. HP: 53/57 MP: 2/2
   320 | D        | Noticed a sky beast
   320 | D        | Noticed a brain worm
   321 | D        | Noticed Edmund
   329 | D        | Killed a sky beast
   329 | D        | Reached skill level 6 in Maces & Flails
   329 | D        | Reached skill level 5 in Armour
   329 | D        | Reached skill level 5 in Dodging
   329 | D        | Reached XP level 6. HP: 67/67 MP: 3/3
   335 | D        | Killed Edmund
   335 | D        | Reached skill level 7 in Maces & Flails
   338 | D        | Killed a brain worm
   398 | D        | Noticed an orc priest
   403 | D        | Killed an orc priest
   403 | D        | Received a gift from Trog
   407 | D        | Gained mutation: You are weak. (Str -2) [mutagenic meat]
   408 | D        | Gained mutation: Your body is slowly deteriorating. [mutagenic meat]
   413 | D        | Noticed Purgy
   432 | D        | Killed Purgy
   432 | D        | Reached XP level 7. HP: 45/76 MP: 1/3
   486 | D        | Noticed Crazy Yiuf
   486 | D        | Noticed an orc wizard
   486 | D        | Noticed a hippogriff
   490 | D        | Killed a hippogriff
   492 | D        | Killed Crazy Yiuf
   493 | D        | Killed an orc wizard
   493 | D        | Received a gift from Trog
   636 | D        | Noticed a four-headed hydra
   636 | D        | Noticed a porcupine
   636 | D        | Noticed a centaur
   640 | D        | Killed a porcupine
   640 | D        | Reached skill level 8 in Maces & Flails
   641 | D        | Killed a centaur
   642 | D        | Killed a four-headed hydra
   642 | D        | Reached skill level 9 in Maces & Flails
   642 | D        | Reached XP level 8. HP: 88/88 MP: 3/3
   656 | D        | Noticed a blue devil
   656 | D        | Noticed a death knight
   657 | D        | Noticed a shadow
   658 | D        | Killed a blue devil
   659 | D        | Killed a shadow
   660 | D        | Killed a death knight
   731 | D        | Noticed a water moccasin
   731 | D        | Noticed a yak
   731 | D        | Noticed a yak
   731 | D        | Noticed a yak
   731 | D        | Noticed a yak
   731 | D        | Noticed a yak
   732 | D        | Noticed a phantasmal warrior
   732 | D        | Noticed a crocodile
   744 | D        | Killed a yak
   744 | D        | Reached XP level 9. HP: 88/98 MP: 4/4
   748 | D        | Killed a yak
   748 | D        | Reached skill level 10 in Maces & Flails
   754 | D        | Killed a phantasmal warrior
   758 | D        | Killed a yak
   758 | D        | Received a gift from Trog
   764 | D        | Killed a water moccasin
   767 | D        | Killed a crocodile
   772 | D        | Killed a yak
   779 | D        | Killed a yak
   791 | D        | Noticed Erica
   791 | D        | Noticed a siren
   791 | D        | Noticed a raven
   797 | D        | Noticed a bog body
   798 | D        | Killed Erica
   798 | D        | Reached skill level 10 in Fighting
   800 | D        | Killed a bog body
   800 | D        | Received a gift from Trog
   801 | D        | Killed a raven
   801 | D        | Reached skill level 11 in Maces & Flails
   801 | D        | Reached skill level 10 in Armour
   801 | D        | Reached skill level 10 in Dodging
   803 | D        | Killed a siren
   869 | D        | Noticed an orc warrior
   869 | D        | Noticed an orc sorcerer
   870 | D        | Noticed an orc knight
   871 | D        | Noticed an orc warrior
   872 | D        | Noticed a vampire mosquito
   872 | D        | Killed an orc knight
   872 | D        | Reached XP level 10. HP: 93/111 MP: 1/4
   873 | D        | Noticed an orc warrior
   873 | D        | Killed a vampire mosquito
   874 | D        | Noticed a vampire mosquito
   874 | D        | Noticed an orc warrior
   874 | D        | Killed an orc sorcerer
   875 | D        | Noticed a vampire mosquito
   875 | D        | Killed a vampire mosquito
   876 | D        | Noticed an orc warrior
   876 | D        | Killed a vampire mosquito
   878 | D        | Noticed a polar bear
   879 | D        | Noticed a polar bear
   879 | D        | Killed an orc warrior
   880 | D        | Killed an orc warrior
   882 | D        | Noticed an ice beast
   882 | D        | Killed an orc warrior
   884 | D        | Noticed a two-headed ogre
   885 | D        | Killed a polar bear
   887 | D        | Killed an orc warrior
   887 | D        | Received a gift from Trog
   888 | D        | Killed a two-headed ogre
   889 | D        | Killed an ice beast
   892 | D        | Killed a polar bear
   892 | D        | Received a gift from Trog
   900 | D        | Killed an orc warrior
   951 | D        | Noticed a wind drake
   951 | D        | Noticed a boulder beetle
   963 | D        | Killed a boulder beetle
   973 | D        | Killed a wind drake
   973 | D        | Received a gift from Trog
  1041 | D        | Noticed a demonic crawler
  1041 | D        | Noticed a molten gargoyle
  1041 | D        | Noticed a deep elf knight
  1041 | D        | Noticed a deep elf knight
  1041 | D        | Noticed a deep elf priest
  1041 | D        | Noticed a deep elf mage
  1041 | D        | Noticed a hungry ghost
  1042 | D        | Noticed a deep elf mage
  1042 | D        | Noticed a sea snake
  1043 | D        | Noticed a red devil
  1043 | D        | Noticed a merfolk
  1043 | D        | Noticed a necrophage
  1043 | D        | Noticed a worker ant
  1047 | D        | Killed a necrophage
  1048 | D        | Killed a deep elf mage
  1052 | D        | Killed a sea snake
  1052 | D        | Reached skill level 12 in Maces & Flails
  1054 | D        | Killed a demonic crawler
  1055 | D        | Received a gift from Trog
  1055 | D        | Killed a molten gargoyle
  1056 | D        | Killed a deep elf mage
  1063 | D        | Noticed a large abomination
  1063 | D        | Killed a hungry ghost
  1068 | D        | Killed a large abomination
  1073 | D        | Killed a deep elf knight
  1074 | D        | Killed a red devil
  1075 | D        | Killed a worker ant
  1077 | D        | Killed a deep elf priest
  1077 | D        | Slain by a deep elf knight

Action                   |  1- 3 |  4- 6 |  7- 9 | 10-12 || total
-------------------------+-------+-------+-------+-------++-------
Melee: Mace              |    23 |     3 |       |       ||    26
       Flail             |       |    38 |       |       ||    38
       Quarterstaff      |       |    19 |     5 |       ||    24
       Dire flail        |       |       |    57 |    23 ||    80
       Morningstar       |       |       |       |    10 ||    10
       Giant spiked club |       |       |       |     2 ||     2
Throw: Javelin           |       |       |       |     6 ||     6
Invok: Berserk           |     1 |     1 |     1 |       ||     3
       Brothers in Arms  |       |       |     6 |     6 ||    12
  Use: Potion            |       |       |       |     5 ||     5
 Stab: Sleeping          |     1 |       |       |       ||     1
  Eat: Bread ration      |       |     1 |     2 |       ||     3
       Chunk             |       |     2 |       |       ||     2
